 Dungeon Crawl Stone Soup version 0.31.0-11-ge490571c62 (webtiles) character file.

Game seed: 14446662505624932999

19 browni3141 the Slasher (level 2, -4/25 HPs)
             Began as a Barachi Monk on Feb 1, 2024.
             Slain by an orc
             ... wielding a +2 heavy hand axe
              (9 damage)
             ... on level 4 of the Dungeon.
             The game lasted 00:01:13 (173 turns).

browni3141 the Slasher (Barachi Monk)                Turns: 173, Time: 00:01:14

Health: -4/25      AC:  3    Str: 12    XL:     2   Next: 75%
Magic:  3/3        EV: 13    Int: 10    God:
Gold:   28         SH:  0    Dex: 14    Spells: 2/2 levels left

rFire   . . .        a - +0 falchion
rCold   . . .        d - orb {light}
rNeg    . . .        b - +0 robe
rPois   .            (no helmet)
rElec   .            (no cloak)
rCorr   .            (no gloves)
SInv    .            f - +0 pair of boots
Will    .....        (no amulet)
Stlth   +            (no ring)
HPRegen 0.24/turn    (no ring)
MPRegen 0.08/turn

%: no passive effects
@: glowing, slow
A: amphibious, slowness 1, strong legs 1, +LOS
a: Hop


You were on level 4 of the Dungeon.
You visited 1 branch of the dungeon, and saw 4 of its levels.

You collected 28 gold pieces.

Inventory:

Hand Weapons
 a - a +0 falchion (weapon)
Armour
 b - a +0 robe (worn)
 d - an orb of light (worn)
 f - a +0 pair of boots (worn)
Scrolls
 e - 3 scrolls of identify {unknown}
Potions
 c - a potion of ambrosia


   Skills:
 + Level 3.7 Fighting
 * Level 4.0 Long Blades
 + Level 3.4 Dodging
 * Level 0.9 Spellcasting
 * Level 0.9 Necromancy


You had 2 spell levels left.
You didn't know any spells.
Your spell library was empty.

Dungeon Overview and Level Annotations

Branches:
Dungeon (4/15)
 Temple: D:4-7

Altars:


Innate Abilities, Weirdness & Mutations

You are amphibious.
You cover ground slowly.
You can hop short distances.
You have an extended range of vision and can be seen from far away.


Message History

e - 2 scrolls labelled CYKABB TINEF (gained 1)
There is a stone staircase leading down here.
You climb downwards.
There is a stone staircase leading up here.
You see here a scroll labelled CYKABB TINEF.
e - 3 scrolls labelled CYKABB TINEF (gained 1)
You hit the ball python.
You kill the ball python!
A giant cockroach comes into view.
You barely miss the giant cockroach.
The giant cockroach barely misses you. x2
You barely miss the giant cockroach. The giant cockroach misses you.
You hit the giant cockroach.
The giant cockroach is lightly wounded.
The giant cockroach barely misses you.
You slash the giant cockroach!
You kill the giant cockroach!
No target in view!
You see here 13 gold pieces.
You now have 28 gold pieces (gained 13).
Found a stone staircase leading down.
There is a stone staircase leading down here.
You climb downwards.
There is a stone staircase leading up here.
You see here a +0 pair of boots.
You start putting on your armour.
You continue putting on your +0 pair of boots. x4
You finish putting on your +0 pair of boots.
An orc comes into view. It is wielding a +0 short sword.
The orc shouts!
An orc comes into view. It is wielding a +0 short sword.
The orc attacks as it pursues you! The orc closely misses you.
You barely miss the orc. The orc closely misses you.
You barely miss the orc. The orc barely misses you.
You barely miss the orc. The orc hits you but does no damage.
An orc comes into view. It is wielding a +0 mace.
The orc shouts!
You hit the orc.
The orc is heavily wounded.
The orc hits you with a +0 short sword.
You barely miss the orc.
The orc is heavily wounded.
The orc misses you.
You hit the orc.
The orc is severely wounded.
The orc hits you with a +0 mace!
You hit the orc.
You kill the orc!
You hit the orc but do no damage.
The orc is heavily wounded.
The orc closely misses you.
You hit the orc but do no damage.
The orc is heavily wounded.
The orc closely misses you.
You hit the orc.
The orc is almost dead.
The orc hits you but does no damage.
An orc comes into view. It is wielding a +0 flail.
You barely miss the orc.
The orc is almost dead.
The orc shouts!
The orc closely misses you.
You hit the orc.
You kill the orc!
You hit the orc.
The orc is moderately wounded.
The orc hits you with a +0 short sword.
An orc comes into view. It is wielding a +2 heavy hand axe.
You hit the orc but do no damage.
The orc is moderately wounded.
The orc hits you but does no damage. The orc closely misses you.
You hit the orc.
The orc is heavily wounded.
The orc misses you.
You slash the orc!
You kill the orc!
You barely miss the orc. The orc hits you with a +0 flail.
You hit the orc.
The orc is moderately wounded.
The orc misses you.
You hit the orc.
The orc is almost dead.
The orc barely misses you.
You barely miss the orc.
The orc is almost dead.
The orc hits you with a +0 flail.
You hit the orc.
You kill the orc!
Your Long Blades skill increases to level 4!
Press: ? - help, v - describe, . - travel, g - get item
Here: an orc, wielding a +2 heavy hand axe and wearing a +0 scale mail (haloed)
Items here: )))) [ ††††.
The floor, spattered with blood.
You completely miss the orc. The orc barely misses you.
You hit the orc.
The orc is heavily wounded.
The orc hits you with a +2 heavy hand axe.
You barely miss the orc.
The orc is heavily wounded.
The orc hits you with a +2 heavy hand axe!
You die...

. ... .. ## ..
#..#. ... . #....
.. . #..# .# #.
##.## ##.#
#.##...## #..#
#.......###.##
#.#..##......####.#
##.####....o@...#
#<# #....#####.#
#........#
#...###.## #..##
... ..... .....
.#####..##. ##. #o
#.


You could see an orc.

Vanquished Creatures
  4 orcs (D:4)
  A giant cockroach (D:3)
  4 jackals (D:1)
  A kobold (D:2)
  3 ball pythons
13 creatures vanquished.

Notes
Turn   | Place    | Note
-------+----------+-------------------------------------------
     0 | D:1      | browni3141 the Barachi Monk began the quest for the Orb.
     0 | D:1      | Reached XP level 1. HP: 18/18 MP: 1/1
    76 | D:1      | Reached XP level 2. HP: 14/25 MP: 2/2
   171 | D:4      | Reached skill level 4 in Long Blades
   173 | D:4      | Slain by an orc

Illustrated notes

Levels and vault maps discovered:
D:1:      psy_arrival_dodecagon, layout_basic, feat_on_display
D:2:      layout_loops_ring, ebering_ecumenical_altar_hall
D:3:      layout_rooms, roderic_lattice_a
D:4:      layout_layer_cave, mainiacjoe_overflow_cross_hatched,
          minmay_temple_entry_slanted, guppyfry_early_orc_mine

Skill      XL: |  1  2 |
---------------+-------+-----
Long Blades    | 4 |  4.0
Fighting       | |  3.7
Dodging        | |  3.4
Spellcasting   | |  0.9
Necromancy     | |  0.9

Action                     || total
---------------------------++-------
  Melee: Falchion          ||    41
 Armour: Robe              ||    22
  Dodge: Dodged            ||    31
